 Dungeon Crawl Stone Soup version 0.31-a0-369-g8eba5f6939 (console) character file.

Game seed: 4217678919935132430

58825 petzl the Thaumaturge (level 15, -5/98 HPs)
             Began as a Formicid Delver on July 28, 2023.
             Was an Elder of Vehumet.
             Slain by Louise
             ... wielding a +3 demon trident of pain
              (7 damage)
             ... on level 2 of the Elven Halls on July 31, 2023.
             The game lasted 02:58:47 (27148 turns).

petzl the Thaumaturge (Formicid Delver)            Turns: 27148, Time: 02:58:47

Health: -5/98      AC: 11    Str: 18    XL:     15   Next: 31%
Magic:  20/31      EV: 15    Int: 19    God:    Vehumet [****..]
Gold:   170        SH: 15    Dex: 15    Spells: 17/38 levels left

rFire   + . .        a - +7 quarterstaff {protect, meekguard}
rCold   + . .        M - +3 kite shield {AC+3}
rNeg    . . .        V - +0 leather armour of Dogmatism {Will++}
rPois   .            (helmet unavailable)
rElec   .            G - scarf "Kyur Fukhu" {rC+ rF+, Regen+}
rCorr   .            m - +0 pair of gloves
SInv    +            (no boots)
Will    +++..        r - amulet of the acrobat
Stlth   ++++         e - ring of Kufaur {AC+4 Int+3}
HPRegen 1.16/turn    U - ring of wizardry
MPRegen 0.22/turn

%: acrobat, wizardry (x1)
@: studying Ranged Weapons
A: permanent stasis, dig shafts and tunnels, antennae 3, four strong arms
a: Dig, Shaft Self, Renounce Religion


You were on level 2 of the Elven Halls.
You worshipped Vehumet.
Vehumet was greatly pleased with you.
You visited 5 branches of the dungeon, and saw 22 of its levels.
You also visited: Ossuary.

You collected 1427 gold pieces.
You spent 1257 gold pieces at shops.

Inventory:

Hand Weapons
 a - the +7 staff of the Meek (weapon) {protect, meekguard}
   (You found it on level 3 of the Dungeon)
 b - a +2 orcbow of freezing
 g - a +2 short sword of venom
 n - a +3 scimitar of flaming
 z - a +0 shortbow of flaming
 K - a +0 flail of holy wrath
Missiles
 j - 25 poisoned darts (quivered)
Armour
 m - a +0 pair of gloves (worn)
 p - a +2 cloak of preservation
 y - a +0 ring mail of fire resistance
 G - the scarf "Kyur Fukhu" (worn) {rC+ rF+, Regen+}
   (You acquired it on level 4 of the Dungeon)

   Regen:     It increases your rate of health regeneration.
 L - a +2 robe of fire resistance
 M - a +3 kite shield of protection (worn)
 V - the +0 leather armour of Dogmatism (worn) {Will++}
   (You found it on level 2 of the Elven Halls)

   Will:      It greatly increases your willpower.
Magical Staves
 I - a staff of air
Jewellery
 e - the ring of Kufaur (left hand) {AC+4 Int+3}
   (You found it on level 11 of the Dungeon)

   [ring of protection]

   AC:        It affects your AC (+4).
   Int:       It affects your intelligence (+3).
 h - a ring of fire
 r - an amulet of the acrobat (around neck)
 U - a ring of wizardry (right hand)
Wands
 c - a wand of paralysis (5)
 f - a wand of digging (2)
 s - a wand of mindburst (12)
 H - a wand of iceblast (6)
 P - a wand of flame (10)
Scrolls
 d - 4 scrolls of revelation
 i - 2 scrolls of summoning
 o - 2 scrolls of silence
 B - a scroll of poison
 D - 2 scrolls of immolation
 E - a scroll of identify
 R - a scroll of fear
 S - a scroll of fog
Potions
 k - a potion of mutation
 l - 2 potions of enlightenment
 u - 2 potions of lignification
 v - 3 potions of brilliance
 x - a potion of cancellation
 A - a potion of magic
 C - a potion of resistance
 J - a potion of invisibility


   Skills:
 - Level 3.2 Fighting
 - Level 2.0(3.6) Maces & Flails
 - Level 4.7(5.0) Staves
 - Level 10.0 Ranged Weapons
 - Level 4.0 Armour
 - Level 8.7 Dodging
 - Level 9.0 Stealth
 + Level 11.8 Shields
 - Level 12.3 Spellcasting
 + Level 7.4 Conjurations
 * Level 4.8 Necromancy
 - Level 4.0 Translocations
 - Level 3.0 Transmutations
 + Level 3.4 Fire Magic
 - Level 7.1 Ice Magic
 - Level 5.8 Air Magic
 - Level 3.0 Evocations


You had 17 spell levels left.
You knew the following spells:

 Your Spells              Type           Power      Damage    Failure   Level
a - Iskenderun's Mystic   Conj/Tloc      33%        2d8       1%          4
b - Magic Dart            Conj           100%       1d8       1%          1
l - Freezing Cloud        Conj/Ice/Air   18%        6-21      2%          5
u - Sublimation of Blood  Necr           30%        N/A       1%          2
E - Conjure Ball Lightni  Conj/Air       18%        3x3d6     14%         6
I - Ignite Poison         Fire/Tmut/Pois 19%        N/A       1%          3

Your spell library contained the following spells:

 Spells                   Type           Power      Damage    Failure   Level
 Cigotuvi's Dreadful Rot  Necr/Pois/Air  50%        N/A       1%          2
 Volatile Blastmotes      Fire/Tloc      50%        2d14      1%          3
 Fulminant Prism          Conj/Hex       12%        3d8       3%          4
 Irradiate                Conj/Tmut      15%        3d16      4%          5
 Petrify                  Tmut/Erth      17%        N/A       26%         4
 Lee's Rapid Deconstruct  Erth           5%         3d6*      32%         5
 Leda's Unmaking          Conj/Erth      12%        9d3       38%         6
 Leda's Liquefaction      Hex/Erth       5%         N/A       43%         4


Dungeon Overview and Level Annotations

Branches:
Dungeon (15/15)            Temple (1/1) D:7            Lair (1/5) D:10
    Orc (2/2) D:9             Elf (3/3) Orc:2       Ossuary (visited)
 Vaults: D:13-14     Depths: D:15

Altars:
Ashenzari
Cheibriados
Dithmenos
Elyvilon
Fedhas
Gozag
Hepliaklqana
Kikubaaqudgha
Makhleb
Nemelex Xobeh
Okawaru
Qazlal
Ru
Sif Muna
Trog
Uskayaw
Vehumet
Wu Jian
Xom
Yredelemnul
Zin
The Shining One

Shops:
D:4 =?[*   D:11 [(:(   Orc:1 ?[(   Orc:2 !!**   Elf:2 [

Annotations:
D:8 exclusion: downstairs
D:12 exclusion: 2 downstairs
D:13 exclusion: 2 downstairs, Jorgrun
D:14 exclusion: downstairs, Josephine
D:15 exclusion: boulder beetle
Orc:1 exclusion: downstairs
Elf:2 exclusion: 2 downstairs, Louise


Innate Abilities, Weirdness & Mutations

You cannot be hasted, slowed, berserked, paralysed or teleported.
You can dig through walls and to a lower floor.
You have a pair of large antennae on your head. (SInv)
Your four strong arms can wield two-handed weapons with a shield.


Message History

Louise mumbles some strange words.
Louise blinks!
Louise blocks your attack.
Louise is almost dead.
Louise hits you with a +3 demon trident of pain!
You writhe in agony!
Louise blocks your attack.
Louise is almost dead.
Louise gestures at you while chanting. The bolt of lightning misses you.
Louise blocks your attack.
Louise is almost dead.
Louise hits you with a +3 demon trident of pain!
Louise blocks your attack.
Louise is almost dead.
Louise gestures at you while chanting. You resist with almost no effort.
Aiming: Mindburst
Press: ? - help, Shift-Dir - straight line, f - Louise
Aim: Louise, wielding a +3 demon trident of pain, wearing a +0 plate armour and wearing a +0 tower shield (almost dead, chance to affect: 26%)
Okay, then.
Unknown command.
Unknown command.
Unknown command.
Unknown command.
Louise blocks your attack.
Louise is almost dead.
Louise gestures at you while chanting. The bolt of lightning hits you!!!
* * * LOW HITPOINT WARNING * * *
Louise closely misses you.
Okay, then.
Unknown command.
Unknown command.
Unknown command.
You feel much better.
Louise hits you with a +3 demon trident of pain!
* * * LOW HITPOINT WARNING * * *
You writhe in agony!
You die...

######...##
#....'....###############
######.....+....<........
##...####.#####.###. ##.##
#)#####'###. #'#
#.#......##.
#.#####.#...)...#.
#.......#.......#.
##(###..#.......'. #.#
#..'.......## #.#
##.#.......## #.#
#.##......# ###.#
#.###.....##
########...####.###'##'###
#................##.##.# #
#.######.######..##.##.###
#.# #.#####...........+
#.######.)○○.....##.##..##
#...@@°○§.####.####.###.##
#.######### #{# #.# .##
#.# ###'####+###+##
###'###### #....##.......#
##..<.....#
#.....#.......#
#.........#
#.............#
#........##
#...@.........+ ##......##
#.............# ##....##
#.............# ##'###
##>...........# #.#
##...........# #.##
#######.....# #..# #.....#
##.# #.....# #.# #.....#
####'## #.....' ##.....##
#....## #......>## ##.!##
#........## ####


You could see Louise.

Vanquished Creatures
  Kirke (D:14)
  A deep elf sorcerer (Elf:1)
  A deep elf demonologist (Elf:2)
  A deep elf annihilator (Elf:1)
  2 deep elf death magi
  2 vault guards (D:13)
  Erica (D:8)
  2 centaur warriors
  3 dancing weapons
  5 two-headed ogres
  An alligator (shapeshifter) (Elf:2)
  8 orc high priests
  4 deep elf knights
  A deep elf archer (Elf:1)
  An orc knight (D:15)
  5 ugly things
  14 deep elf pyromancers
  12 deep elf zephyrmancers
  2 manticores (D:13)
  An orc sorcerer (Elf:1)
  6 cyclopes
  A faun (shapeshifter) (D:14)
  Joseph (D:7)
  2 gargoyles
  A komodo dragon (D:11)
  Maggie (D:7)
  A rime drake (shapeshifter) (D:15)
  4 trolls
  3 meliai
  3 hornets
  Prince Ribbit (D:5)
  2 air elementals (Elf:1)
  5 slime creatures (D:14)
  Sigmund (D:3)
  A vampire (D:7)
  A wyvern (D:7)
  3 shadows
  5 wraiths
  2 water elementals
  3 hogs (D:14)
  2 humans (D:14)
  28 yaks
  2 steam dragons
  3 vampire mosquitoes (D:11)
  10 wargs
  Menkaure (D:7)
  2 water moccasins
  3 sky beasts
  16 orc warriors
  2 ice beasts
  A black bear (D:4)
  2 hornet zombies (Ossuary)
  2 ogres (D:4)
  9 centaurs
  2 phantoms
  A kobold brigand (D:10)
  5 bullfrogs
  A gnoll sergeant (D:6)
  2 wyvern zombies (Ossuary)
  6 scorpions
  An earth elemental (Elf:1)
  2 water moccasin zombies (Ossuary)
  6 killer bees
  4 howler monkeys (D:9)
  6 bullfrog zombies (Ossuary)
  3 centaur zombies
  3 hounds
  31 orc priests
  2 gnoll boudas
  2 jellies
  An iguana (D:3)
  14 orc wizards
  A statue (D:8)
  6 killer bee zombies (Ossuary)
  2 hound zombies (D:4)
  8 mummies (Ossuary)
  5 howler monkey zombies
  9 gnolls
  5 adders
  A shadow imp (D:5)
  2 white imps
  An ufetubus (D:5)
  2 dart slugs (D:3)
  63 orcs
  9 endoplasms
  3 giant cockroaches
  8 goblins
  5 hobgoblins
  4 quokkas
  5 ball pythons
  5 bats
  3 frilled lizards
  16 kobolds
  5 rats
  4 butterflies
462 creatures vanquished.

Vanquished Creatures (collateral kills)
  3 ugly things (D:15)
3 creatures vanquished.

Vanquished Creatures (others)
  An orc (D:9)
1 creature vanquished.

Grand Total: 466 creatures vanquished

Notes
Turn   | Place    | Note
-------+----------+-------------------------------------------
     0 | D:5      | petzl the Formicid Delver began the quest for the Orb.
     0 | D:5      | Reached XP level 1. HP: 18/18 MP: 1/1
     4 | D:6      | Noticed a hound
   124 | D:5      | Noticed Prince Ribbit
   189 | D:4      | Noticed a jelly
   194 | D:5      | Killed a jelly
   195 | D:5      | Reached XP level 2. HP: 22/24 MP: 2/2
   195 | D:5      | Reached XP level 3. HP: 26/29 MP: 3/3
   276 | D:4      | Found Luitaok's Armour Boutique.
   525 | D:3      | Found a glowing silver altar of Zin.
   525 | D:3      | Noticed an angel
   591 | D:1      | Reached XP level 4. HP: 35/35 MP: 4/4
  1216 | D:2      | Found a broken altar of Ashenzari.
  1675 | D:3      | Reached XP level 5. HP: 12/41 MP: 5/5
  1906 | D:3      | Noticed Sigmund
  2066 | D:3      | You fall into a shaft and drop 2 floors!
  2128 | D:5      | Noticed an ice beast
  2407 | D:3      | Found the +7 staff of the Meek {protect, meekguard}
  2522 | D:4      | Found Dukkik's General Store.
  2532 | D:4      | Reached skill level 5 in Ranged Weapons
  2552 | D:4      | Noticed a black bear
  2571 | D:4      | Bought a potion of curing for 39 gold pieces
  2596 | D:4      | Noticed an ogre
  2714 | D:4      | Found a stormy altar of Qazlal.
  2827 | D:4      | Found a burning altar of Makhleb.
  2835 | D:4      | Reached skill level 1 in Spellcasting
  2843 | D:4      | Noticed a phantom
  2868 | D:4      | Noticed an ogre
  2924 | D:5      | Reached skill level 2 in Spellcasting
  2924 | D:5      | Reached XP level 6. HP: 40/47 MP: 6/9
  3138 | D:4      | Killed an ogre
  3139 | D:4      | Reached skill level 3 in Spellcasting
  3153 | D:4      | Found Deas's Jewellery Shop.
  3173 | D:4      | Identified the staff "Jigrogre" {rC+ Str+5 Ice}
  3212 | D:4      | Reached skill level 4 in Spellcasting
  3212 | D:4      | Reached XP level 7. HP: 48/52 MP: 11/13
  3239 | D:4      | Reached skill level 5 in Spellcasting
  3368 | D:4      | Found Iguicyit's Magic Scroll Emporium.
  3372 | D:4      | Bought a scroll of revelation for 90 gold pieces
  3372 | D:4      | Bought a scroll of noise for 12 gold pieces
  3489 | D:4      | Found a basalt altar of Yredelemnul.
  3542 | D:4      | Bought a scroll of fear for 48 gold pieces
  3610 | D:5      | Reached skill level 6 in Spellcasting
  3626 | D:5      | Found a white marble altar of Elyvilon.
  3708 | D:5      | Reached XP level 8. HP: 40/58 MP: 17/17
  4004 | D:5      | Killed Prince Ribbit
  4005 | D:5      | Reached skill level 7 in Spellcasting
  4561 | D:5      | Reached skill level 8 in Spellcasting
  4703 | D:6      | Learned a level 2 spell: Sublimation of Blood
  4828 | D:6      | Reached skill level 9 in Spellcasting
  4828 | D:6      | Reached XP level 9. HP: 32/64 MP: 20/22
  4999 | D:6      | Reached skill level 1 in Armour
  4999 | D:6      | Reached skill level 1 in Evocations
  5115 | D:7      | Noticed Menkaure
  5149 | D:7      | Found a sand-covered staircase.
  5261 | Ossuary  | Entered an ossuary
  6033 | Ossuary  | Reached XP level 10. HP: 49/70 MP: 23/23
  6604 | D:6      | Found a shimmering altar of Xom.
  6810 | D:7      | Found a staircase to the Ecumenical Temple.
  6842 | Temple   | Entered the Ecumenical Temple
  7391 | D:7      | Noticed Maggie
  7460 | D:7      | Killed Maggie
  7461 | D:7      | Reached skill level 5 in Dodging
  7560 | D:7      | Noticed Joseph
  7610 | D:7      | Killed Menkaure
  7611 | D:7      | Reached skill level 10 in Spellcasting
  7866 | D:8      | Noticed Erica
  7876 | D:8      | You fall into a shaft and drop 1 floor!
  9199 | D:8      | Found a radiant altar of Vehumet.
  9208 | D:8      | Became a worshipper of Vehumet
  9291 | D:9      | Noticed a deep elf pyromancer
  9605 | D:8      | Found a shimmering blue altar of Sif Muna.
  9671 | D:9      | Noticed a two-headed ogre
  9672 | D:9      | Found a staircase to the Orcish Mines.
  9686 | D:9      | Killed a two-headed ogre
  9723 | D:9      | Reached XP level 11. HP: 75/75 MP: 25/25
  9794 | D:7      | You fall into a shaft and drop 3 floors!
  9794 | D:10     | Entered Level 10 of the Dungeon
  9993 | D:9      | Reached skill level 11 in Spellcasting
 10037 | D:9      | You fall into a shaft and drop 2 floors!
 10038 | D:11     | Noticed a purple ugly thing
 10041 | D:11     | Found Feumuud's Weapon Boutique.
 10049 | D:11     | Killed a purple ugly thing
 10692 | D:10     | Found a staircase to the Lair.
 10906 | D:9      | Noticed a two-headed ogre
 11637 | D:9      | Killed a deep elf pyromancer
 11638 | D:9      | Reached skill level 12 in Spellcasting
 11985 | D:11     | Reached * piety under Vehumet
 11985 | D:11     | Offered knowledge of Magic Dart by Vehumet.
 11988 | D:11     | Learned a level 1 spell: Magic Dart
 12036 | D:11     | Found Ifaq's Armour Emporium.
 12123 | D:11     | Learned a level 5 spell: Freezing Cloud
 12234 | D:10     | Reached skill level 1 in Ice Magic
 12243 | D:10     | Reached skill level 1 in Conjurations
 12243 | D:10     | Reached skill level 1 in Air Magic
 12319 | D:11     | Noticed a cyclops
 12541 | D:9      | Learned a level 3 spell: Ignite Poison
 12853 | D:3      | Killed Sigmund
 12854 | D:3      | Reached skill level 1 in Staves
 12952 | D:4      | Bought a +0 pair of gloves for 63 gold pieces
 13156 | D:7      | Reached XP level 12. HP: 69/81 MP: 28/28
 13158 | D:7      | Killed Joseph
 13403 | D:8      | Killed Erica
 13601 | D:9      | Found a sacrificial altar of Ru.
 13809 | Orc:1    | Entered Level 1 of the Orcish Mines
 13822 | Orc:1    | Found Horiot's Magic Scroll Shoppe.
 13829 | Orc:1    | Bought a scroll of identify for 34 gold pieces
 13829 | Orc:1    | Bought a scroll of identify for 34 gold pieces
 13846 | Orc:1    | Found Lotriegui's Armour Boutique.
 14169 | D:10     | Found a sparkling altar of Nemelex Xobeh.
 14169 | D:10     | Found a bloodstained altar of Trog.
 14173 | D:10     | Found a broken altar of Ashenzari.
 14173 | D:10     | Found a glowing golden altar of the Shining One.
 14399 | D:10     | Noticed a tengu warrior
 14399 | D:10     | Noticed an ogre mage
 14498 | Lair:1   | Entered Level 1 of the Lair of Beasts
 14884 | D:11     | Identified the ring of Kufaur {AC+4 Int+3}
 14958 | D:11     | Found Rig Kaed's Book Emporium.
 14966 | D:11     | Found Xaeq's Weapon Shop.
 15377 | D:13     | Noticed a two-headed ogre
 16728 | D:13     | Noticed Jorgrun
 17883 | D:13     | Noticed a boulder beetle
 17884 | D:13     | Killed a two-headed ogre
 18207 | D:13     | Noticed a vault guard
 18212 | D:13     | Reached skill level 5 in Ice Magic
 18218 | D:13     | Killed a vault guard
 18219 | D:13     | Reached XP level 13. HP: 86/86 MP: 26/29
 18240 | D:13     | Noticed a vault guard
 18438 | D:13     | Killed a vault guard
 18522 | D:14     | Noticed a centaur warrior
 18528 | D:14     | Killed a centaur warrior
 18529 | D:14     | Reached skill level 5 in Conjurations
 18634 | D:14     | Reached ** piety under Vehumet
 18634 | D:14     | Offered knowledge of Searing Ray by Vehumet.
 18719 | D:14     | Reached skill level 5 in Air Magic
 18948 | D:14     | Noticed Kirke
 18958 | D:14     | Killed Kirke
 19049 | D:14     | Noticed Josephine
 19064 | D:15     | Entered Level 15 of the Dungeon
 19961 | D:15     | Learned a level 4 spell: Iskenderun's Mystic Blast
 20152 | D:15     | Noticed a centaur warrior
 20155 | D:15     | Killed a centaur warrior
 20155 | D:15     | Offered knowledge of Inner Flame by Vehumet.
 20156 | D:15     | Reached skill level 1 in Translocations
 20697 | D:9      | Reached *** piety under Vehumet
 20812 | Orc:1    | Bought a +1 kite shield of protection for 231 gold pieces
 21020 | Orc:1    | Found Umung's Weapon Emporium.
 21132 | Orc:1    | Reached skill level 1 in Shields
 21150 | Orc:1    | Offered knowledge of Dazzling Flash by Vehumet.
 21389 | Orc:2    | Entered Level 2 of the Orcish Mines
 21413 | Orc:2    | Reached XP level 14. HP: 92/93 MP: 24/30
 21987 | D:8      | You fall into a shaft and drop 3 floors!
 22451 | Orc:2    | Reached **** piety under Vehumet
 22478 | Orc:2    | Reached skill level 5 in Shields
 22820 | D:4      | Bought a scroll of acquirement for 676 gold pieces
 22820 | D:4      | Acquired the scarf "Kyur Fukhu" {rC+ rF+, Regen+}
 22982 | Orc:2    | Found a staircase to the Elven Halls.
 23467 | Orc:2    | Offered knowledge of Iskenderun's Battlesphere by Vehumet.
 23883 | Orc:2    | Found Suggo's General Store.
 23883 | Orc:2    | Found Sunia's General Store.
 23937 | Orc:2    | Found Wufosuer's Distillery.
 23937 | Orc:2    | Found Vaffiusm's Distillery.
 23953 | Orc:2    | Bought a potion of curing for 30 gold pieces
 24079 | Elf:1    | Entered Level 1 of the Elven Halls
 24563 | Elf:1    | Reached skill level 10 in Ranged Weapons
 24589 | Elf:1    | Reached skill level 10 in Shields
 24621 | Elf:1    | Reached ***** piety under Vehumet
 24807 | Elf:1    | Offered knowledge of Conjure Ball Lightning by Vehumet.
 24815 | Elf:1    | Learned a level 6 spell: Conjure Ball Lightning
 24875 | Elf:1    | Noticed a deep elf sorcerer
 24884 | Elf:1    | Killed a deep elf sorcerer
 25017 | Elf:1    | Reached skill level 1 in Necromancy
 25017 | Elf:1    | Reached skill level 1 in Transmutations
 25017 | Elf:1    | Reached skill level 1 in Fire Magic
 25075 | Elf:1    | Noticed a deep elf annihilator
 25584 | Elf:1    | Killed a deep elf annihilator
 25890 | Elf:2    | Reached XP level 15. HP: 73/98 MP: 26/31
 25998 | Elf:2    | Identified the +0 leather armour of Dogmatism {Will++}
 26057 | Elf:2    | Found Pusix's Antique Armour Boutique.
 26077 | Elf:3    | Entered Level 3 of the Elven Halls
 27117 | Elf:2    | Noticed Louise
 27147 | Elf:2    | HP: 1/98 [Louise/bolt of lightning (39)]
 27148 | Elf:2    | Slain by Louise

Illustrated notes

Levels and vault maps discovered:
D:1:      wander_arrival_lonely_grave, layout_basic, minivault_14,
          minmay_quantized
D:2:      layout_rooms, basic_altar
D:3:      layout_rooms, zin_angel, pf_guarded_unrand_meek, uniq_sigmund
D:4:      layout_basic, nicolae_yredelemnul_corpse_copse,
          nicolae_overflow_crystal_walls, mainiacjoe_overflow_24_doors,
          serial_shops, shop, nicolae_shop_tiny_statue_garden,
          nicolae_shop_window_shopping, nicolae_shop_just_a_little_nook,
          minivault_14
D:5:      layout_basic, mainiacjoe_overflow_chevrons, uniq_prince_ribbit1
D:6:      layout_gridville, xom_butterflies
D:7:      layout_basic, minmay_temple_entry_butterflies, enter_ossuary_5,
          serial_curves, eino_curves_02, eino_curves_02,
          nicolae_elevator_lobby_asterisk, uniq_maggie, uniq_menkaure,
          uniq_joseph
D:8:      layout_layer_cave, vehumet_statue, nicolae_overflow_hidden_temple,
          uniq_erica
D:9:      layout_rooms, mainiacjoe_overflow_catwalk, orc_0_dummy
D:10:     layout_gridville, grunt_temple_overflow_open, lair_entry_dummy,
          serial_bayou_lagoon_a, minivault_25_ag
D:11:     layout_rooms, serial_shops, shop, shop,
          nicolae_shop_bloodbath_and_beyond, shop, due_unseen_surprise
D:12:     layout_basic
D:13:     layout_loops_ring, grunt_vaults_entry_fortified, uniq_frances,
          uniq_jorgrun
D:14:     layout_rooms, minmay_misc_feat_secret_circle, uniq_nessos,
          uniq_josephine, uniq_kirke
D:15:     grunt_enter_depths_hoard, layout_loops_ring,
          ebering_ghost_reflecting_pool
Temple:   nicolae_temple_figure_zero
Lair:1:   layout_regular_city, chequers_serial_rivers_room_b, evilmike_ambush
          [evilmike_ambush_outer_basic, evilmike_ambush_inner_basic]
Orc:1:    layout_caves, serial_shops, nicolae_shop_advertising_works
          [nicolae_subvault_shop_adworks], nicolae_shop_hallway_plus, shop
Orc:2:    st_orc_town, layout_caves
Elf:1:    layout_onion_city, minmay_elf_crystal_heptagon
Elf:2:    elven_hall_of_blades_hangedman_alternative
          [nicolae_blade_entry_area_security], layout_gridlike, serial_shops,
          shop, nicolae_shop_tiny_statue_garden, shop_statue,
          nicolae_stop_n_shop_1, shop, uniq_nikola, uniq_louise
Elf:3:    minmay_elf_hall, layout_loops_cross, serial_shops, shop, shop,
          nicolae_shop_clearance

Skill      XL: |  1  2  3  4  5  6  7  8  9 10 11 12 13 14 15 |
---------------+----------------------------------------------+-----
Ranged Weapons | 2 3 4 5 6 9 10 | 10.0
Spellcasting   | 2 4 6 9 10 12 | 12.3
Dodging        | 4 6 8 |  8.7
Armour         | 4 |  4.0
Evocations     | 3 |  3.0
Stealth        | 8 9 |  9.0
Ice Magic      | 1 5 7 |  7.1
Conjurations   | 1 4 6 7 |  7.4
Air Magic      | 1 4 5 |  5.8
Staves         | 1 4 |  4.7
Translocations | 3 4 |  4.0
Shields        | 2 11 | 11.8
Necromancy     | 3 4 |  4.8
Transmutations | 2 3 |  3.0
Fire Magic     | 2 3 |  3.4
Fighting       | |  3.2
Maces & Flails | |  2.0

Action                     |  1- 3 |  4- 6 |  7- 9 | 10-12 | 13-15 || total
---------------------------+-------+-------+-------+-------+-------++-------
  Melee: Mace              |     6 |    12 |       |       |       ||    18
         Flail             |       |     7 |       |       |       ||     7
         Quarterstaff      |       |    34 |   201 |   552 |   105 ||   892
         Punch             |       |       |     2 |    14 |     1 ||    17
   Fire: Sling             |    19 |   111 |   110 |    67 |       ||   307
         Orcbow            |       |       |       |   130 |   339 ||   469
  Throw: Dart              |       |       |       |    19 |     4 ||    23
   Cast: Ignite Poison     |       |       |       |     7 |       ||     7
         Freezing Cloud    |       |       |       |     6 |   142 ||   148
         Iskenderun's Myst |       |       |       |       |    25 ||    25
         Magic Dart        |       |       |       |       |    11 ||    11
         Sublimation of Bl |       |       |       |       |     4 ||     4
Ability: Dig               |       |     2 |       |     6 |     4 ||    12
         Shaft Self        |       |     1 |       |     3 |     1 ||     5
  Evoke: Wand              |       |       |     3 |    35 |     7 ||    45
    Use: Scroll            |     1 |     6 |     4 |    16 |     5 ||    32
         Potion            |       |       |     1 |    10 |     3 ||    14
   Stab: Distracted        |       |       |     2 |       |     1 ||     3
         Paralysed         |       |       |       |    21 |       ||    21
         Sleeping          |       |       |       |     3 |       ||     3
 Armour: Leather armour    |     1 |    34 |   102 |    13 |     2 ||   152
         Ring mail         |       |       |       |   216 |       ||   216
         Skin              |       |       |       |     8 |       ||     8
         Robe              |       |       |       |     2 |    29 ||    31
  Dodge: Dodged            |    10 |    90 |   205 |   487 |   113 ||   905
  Block: Kite shield       |       |       |       |       |    69 ||    69

Table legend: (Time is in decaauts)
 A = Elapsed time spent in this place.
 B = Non-inter-level travel time spent in this place.
 C = Inter-level travel time spent in this place.
 D = Time resting spent in this place.
 E = Time spent auto-exploring this place.
 F = Levels seen in this place.
 G = Mean time per level.
                   A        B        C        D        E       F      G
               +--------+--------+--------+--------+--------+-----+--------+
         Total |  27641 |  25113 |   2528 |   7504 |   6893 |  23 | 1201.8 |
       Dungeon |  20479 |  18258 |   2221 |   5388 |   5962 |  15 | 1365.3 |
        Temple |    108 |    102 |      6 |      0 |     40 |   1 |  108.0 |
          Lair |      1 |      1 |      0 |      0 |      0 |   1 |    1.0 |
  Orcish Mines |   3184 |   2914 |    270 |    883 |    525 |   2 | 1592.0 |
   Elven Halls |   2890 |   2859 |     31 |    845 |    312 |   3 |  963.3 |
       Ossuary |    976 |    976 |      0 |    387 |     54 |   1 |  976.0 |
               +--------+--------+--------+--------+--------+-----+--------+

Top non-repeatable levels by time:
    D:10: 2939 daAuts
   Elf:1: 2316 daAuts
     D:8: 2051 daAuts
    D:11: 1841 daAuts
    D:12: 1722 daAuts
     D:7: 1688 daAuts
     D:5: 1668 daAuts
   Orc:1: 1607 daAuts
   Orc:2: 1577 daAuts
    D:13: 1266 daAuts
     D:9: 1251 daAuts
     D:4: 1244 daAuts
     D:6: 1095 daAuts
     D:3: 1091 daAuts
 Ossuary: 976 daAuts
